 Dungeon Crawl Stone Soup version 0.21.1-1-g345015f (webtiles) character file.

1072 diana the Zephyrmancer (level 8, -1/41 HPs)
             Began as a Tengu Air Elementalist on July 1, 2018.
             Was an Initiate of Vehumet.
             Killed by nerve-wracking pain
             ... invoked by Grinder
              (9 damage)
             ... on level 6 of the Dungeon.
             The game lasted 00:20:18 (6871 turns).

diana the Zephyrmancer (Tengu Air Elementalist)     Turns: 6871, Time: 00:20:18

Health: -1/41      AC:  2    Str:  9    XL:     8   Next: 28%
Magic:  2/15       EV: 13    Int: 17    God:    Vehumet [......]
Gold:   269        SH:  0    Dex: 15    Spells: 6/15 levels left

rFire    . . .     SeeInvis +   v - +4 long sword
rCold    . . .     Gourm    .   (no shield)
rNeg     . . .     Faith    .   a - +0 robe
rPois    .         Spirit   .   (helmet restricted)
rElec    .         Reflect  .   (no cloak)
rCorr    .         Harm     .   (no gloves)
MR       +....                  (boots unavailable)
Stlth    ++........             (no amulet)
HPRegen  0.13/turn              i - ring of protection from magic
MPRegen  0.14/turn              m - ring of see invisible

@: no status effects
A: beak, talons 3, able to fly 1
a: Fly, Renounce Religion


You were on level 6 of the Dungeon.
You worshipped Vehumet.
Vehumet was noncommittal.
You were near starving.

You visited 1 branch of the dungeon, and saw 6 of its levels.

You collected 269 gold pieces.

Inventory:

Hand Weapons
 v - a +4 long sword (weapon)
Armour
 a - a +0 robe (worn)
Jewellery
 i - a ring of protection from magic (left hand)
 m - a ring of see invisible (right hand)
Wands
 d - a wand of flame (38)
 u - a wand of random effects (15)
Scrolls
 e - 2 scrolls of enchant armour {unknown}
 f - a scroll of amnesia {unknown}
 g - 3 scrolls of fog {unknown}
 h - a scroll of immolation {unknown}
 j - 7 scrolls of identify
 k - 2 scrolls of enchant weapon {unknown}
 n - a scroll of noise {unknown}
 o - a scroll of teleportation {unknown}
 p - 3 scrolls of remove curse {unknown}
 q - a scroll of magic mapping {unknown}
 t - 2 scrolls of fear {unknown}
Books
 b - a book of Air

   Spells                             Type                      Level
   a - Shock                          Conjuration/Air              1
   b - Swiftness                      Charms/Air                   2
   c - Static Discharge               Conjuration/Air              3
   d - Airstrike                      Air                          4
   e - Lightning Bolt                 Conjuration/Air              5
Comestibles
 c - 12 rations


   Skills:
 - Level 2.4 Dodging
 - Level 2.0 Stealth
 - Level 4.2 Spellcasting
 + Level 7.7 Conjurations
 + Level 8.8 Air Magic


You had 6 spell levels left.
You knew the following spells:

 Your Spells              Type           Power        Failure   Level  Hunger
a - Shock                 Conj/Air       ####         1%          1    None
b - Static Discharge      Conj/Air       ####....     1%          3    ###....
c - Lightning Bolt        Conj/Air       ####......   14%         5    ######.


Dungeon Overview and Level Annotations

Branches:
Dungeon (6/15)
 Temple: D:4-7

Altars:
Ashenzari
Elyvilon
Qazlal
Ru
Vehumet
Wu Jian
Zin

Shops:
D:5 [

Annotations:
D:5 1 runed door
D:6 Grinder


Innate Abilities, Weirdness & Mutations

You have a beak for a mouth.
You have claws for feet.
You can fly.


Message History

The centaur zombie hits you.
Casting: Shock
Confirm with . or Enter, or press ? or * to list all spells.
Aiming: Shock
Press: ? - help, Shift-Dir - straight line, f/p - Grinder
Aim: Grinder (severely wounded, unusually strong)
The zap hits the centaur zombie.
You destroy the centaur zombie!
Vehumet accepts your kill.
The zap hits Grinder.
Grinder is severely wounded.
Grinder gestures at you. You resist with almost no effort.
Unknown command.
Grinder gestures at you. Pain shoots through your body!
* * * LOW HITPOINT WARNING * * *
Grinder gestures at you. Pain shoots through your body!
You die...

#.......#
#.........#
#.#.#.#.#.#
#.....#<#.#
#..5..#.#.#
#.....#.#.#
#.......#.#
#...#.#.#.#####
#....@........#
#.###.##.####.#
#.# #.........#
#.# ##........#
#.# #......<.#
#.# #........#
#.#########...#
#.....# #...#
####### #...#


You could see Grinder.

Vanquished Creatures
  Sigmund (D:4)
  Eustachio (D:4)
  2 ogres (D:5)
  A centaur (D:5)
  2 scorpions (D:5)
  A centaur zombie (D:6)
  2 crimson imps
  An orc priest (D:4)
  An orc wizard (D:4)
  An iguana (D:4)
  Natasha (thrice) (D:4)
  8 adders
  An adder skeleton (D:4)
  8 worms
  A dart slug (D:1)
  2 leopard geckos
  25 orcs
  7 bats
  5 giant cockroaches
  7 goblins
  9 hobgoblins
  2 quokkas
  7 frilled lizards
  6 kobolds
  9 rats
113 creatures vanquished.

Vanquished Creatures (others)
  An orc priest (D:4)
  A hound skeleton (D:4)
  2 orcs (D:4)
4 creatures vanquished.

Grand Total: 117 creatures vanquished

Notes
Turn   | Place    | Note
-------+----------+-------------------------------------------
     0 | D:1      | diana the Tengu Air Elementalist began the quest for the Orb.
     0 | D:1      | Reached XP level 1. HP: 10/10 MP: 4/4
   254 | D:1      | Reached XP level 2. HP: 15/15 MP: 0/6
   784 | D:1      | Reached XP level 3. HP: 19/19 MP: 4/7
  1180 | D:2      | Learned a level 3 spell: Static Discharge
  1457 | D:2      | Reached XP level 4. HP: 13/24 MP: 1/9
  1917 | D:2      | Reached skill level 5 in Air Magic
  2368 | D:3      | Found an ornate altar of the Wu Jian Council.
  2369 | D:3      | Found a shattered altar of Ashenzari.
  2576 | D:3      | Gained mutation: You can fly. [Tengu growth]
  2576 | D:3      | Reached XP level 5. HP: 28/28 MP: 8/10
  3431 | D:3      | Found a sacrificial altar of Ru.
  3720 | D:4      | Noticed Natasha
  3723 | D:4      | Killed Natasha
  3795 | D:4      | Noticed Eustachio
  3841 | D:4      | Noticed Natasha
  3844 | D:4      | Killed Natasha
  4164 | D:4      | Reached XP level 6. HP: 32/32 MP: 8/12
  4396 | D:4      | Reached skill level 6 in Air Magic
  4435 | D:4      | Found a radiant altar of Vehumet.
  4517 | D:4      | Became a worshipper of Vehumet
  4663 | D:4      | Noticed Natasha
  4677 | D:4      | Killed Natasha
  5125 | D:4      | Found a stormy altar of Qazlal.
  5278 | D:4      | Noticed Sigmund
  5289 | D:4      | Killed Sigmund
  5289 | D:4      | Reached skill level 5 in Conjurations
  5289 | D:4      | Reached XP level 7. HP: 23/36 MP: 1/14
  5295 | D:4      | Found a white marble altar of Elyvilon.
  5402 | D:4      | Killed Eustachio
  5402 | D:4      | Reached skill level 7 in Air Magic
  5634 | D:5      | Entered Level 5 of the Dungeon
  5771 | D:5      | Found Lidykh's Armour Shoppe.
  6070 | D:5      | Learned a level 5 spell: Lightning Bolt
  6070 | D:5      | Reached skill level 8 in Air Magic
  6070 | D:5      | Reached XP level 8. HP: 19/41 MP: 9/15
  6450 | D:5      | Found a glowing silver altar of Zin.
  6452 | D:5      | Noticed an angel
  6452 | D:5      | Found a runed door.
  6853 | D:6      | Noticed Grinder
  6871 | D:6      | Killed from afar by Grinder

Skill      XL: |  1  2  3  4  5  6  7  8 |
---------------+-------------------------+-----
Conjurations   | 2 3 4 5 6 7 |  7.7
Air Magic      | 5 6 8 |  8.8
Spellcasting   | 3 4 |  4.2
Dodging        | |  2.4
Stealth        | |  2.0

Action                   |  1- 3 |  4- 6 |  7- 9 || total
-------------------------+-------+-------+-------++-------
Melee: Unarmed           |    25 |       |       ||    25
       Kick              |     3 |       |       ||     3
       Peck              |     3 |       |     2 ||     5
       Long sword        |       |       |     6 ||     6
 Cast: Shock             |    74 |   166 |    42 ||   282
       Static Discharge  |       |     4 |     8 ||    12
       Lightning Bolt    |       |       |     3 ||     3
  Use: Potion            |       |     2 |     6 ||     8
       Scroll            |       |       |     1 ||     1
  Eat: Chunk             |     2 |    12 |     2 ||    16
       Ration            |       |       |     1 ||     1
Armor: Robe              |     3 |     4 |     2 ||     9
Dodge: Dodged            |    16 |    20 |    12 ||    48
